[Event "Titled Tuesday Blitz July 6 2021"]
[White "Timmermans, Mark"]
[Black "Pham, Le Thao Nguyen"]
[WhiteFideId "1026399"]
[BlackFideId "12401226"]
[WhiteElo "2460"]
[BlackElo "2286"]
[Result "0-1"]
[Round "07"]
[TimeControl "180+1"]
[Date "2021.07.06"]
[WhiteClock "0:00:08"]
[BlackClock "0:00:16"]

1. b4 d5 2. Bb2 Bf5 3. e3 e6 4. c4 Nf6 5. b5 Be7 6. a4 O-O 7. Nf3 Nbd7 8. Be2 h6 9. O-O Nc5 10. Nc3 Nd3 11. Ba3 dxc4 12. Nd4 Bg6 13. Nc2 a6 14. Bxe7 Qxe7 15. bxa6 Rxa6 16. Na3 Qb4 17. Nc2 Qc5 18. Rb1 Rb6 19. Rxb6 Qxb6 20. Qa1 Qc5 21. Rb1 b6 22. Rb5 Qd6 23. Na3 Ne5 24. f4 Nc6 25. Nxc4 Qd7 26. d4 Ne4 27. Ne5 Nxe5 28. fxe5 Nxc3 29. Qxc3 Be4 30. Bf1 Ra8 31. Rb4 Rxa4 32. Rxa4 Qxa4 33. Qxc7 Qd1 34. Qc3 b5 35. Kf2 Qb1 36. d5 exd5 37. Qc8+ Kh7 38. e6 fxe6 39. Qxe6 b4 40. Be2 b3 41. Bf3 Qc2+ 42. Kg3 b2 43. Bxe4+ Qxe4 44. Qb6 b1=Q 0-1


[Site "https://www.chess.com"]

[Event "Titled Tuesday Blitz July 6 2021"]
[White "Tologon tegin, Semetei"]
[Black "Daianu, Cristian-Clement"]
[WhiteFideId "13800574"]
[BlackFideId "1208926"]
[WhiteElo "2224"]
[BlackElo "2133"]
[Result "0-1"]
[Round "07"]
[TimeControl "180+1"]
[Date "2021.07.06"]
[WhiteClock "0:00:47"]
[BlackClock "0:00:35"]

1. d4 Nf6 2. c4 g6 3. Nc3 d5 4. cxd5 Nxd5 5. e4 Nxc3 6. bxc3 Bg7 7. Bc4 c5 8. Ne2 O-O 9. Be3 Nc6 10. O-O Bg4 11. f3 Na5 12. Bxf7+ Rxf7 13. fxg4 Rxf1+ 14. Kxf1 cxd4 15. cxd4 e5 16. d5 Nc4 17. Qd3 Rc8 18. h3 b6 19. Rc1 Nd6 20. Kg1 Rxc1+ 21. Bxc1 b5 22. Nc3 Qa5 23. Qc2 Bf8 24. Kh2 Qb4 25. Qd3 Qd4 26. Qf3 b4 27. Ne2 Qxe4 28. Qf2 Qxd5 29. Qxa7 Qc4 30. Ng3 Qxc1 31. Qa5 Qf4 32. Qd5+ Kh8 33. Qa8 Kg7 34. Qa7+ Kg8 35. Qa8 h5 36. gxh5 gxh5 37. Qd5+ Kh7 38. Qd3+ e4 39. Qe2 h4 40. Qh5+ Kg8 41. Qg6+ Bg7 42. Qe6+ Kh7 0-1


[Site "https://www.chess.com"]

[Event "Titled Tuesday Blitz July 6 2021"]
[White "Urquhart, Ed"]
[Black "Perez Rodriguez, Luis Manuel"]
[WhiteFideId "2603748"]
[BlackFideId "3503364"]
[WhiteElo "2184"]
[BlackElo "2429"]
[Result "0-1"]
[Round "07"]
[TimeControl "180+1"]
[Date "2021.07.06"]
[WhiteClock "0:00:11"]
[BlackClock "0:00:23"]

1. e4 e5 2. Nf3 Nc6 3. d4 exd4 4. Bc4 Nf6 5. e5 d5 6. Bb5 Ne4 7. Nxd4 Bc5 8. O-O O-O 9. Bxc6 bxc6 10. Be3 Bxd4 11. Qxd4 c5 12. Qd3 Bf5 13. Qe2 d4 14. Bf4 f6 15. Nd2 Qd5 16. Nxe4 Bxe4 17. f3 Bg6 18. exf6 Rxf6 19. Bxc7 c4 20. Qe5 Qd7 21. Rf2 Re8 22. Qa5 Rf5 23. Qxa7 Rf7 24. a4 d3 25. cxd3 cxd3 26. f4 d2 27. Rd1 Re1+ 28. Rf1 Rxf1+ 29. Kxf1 Bc2 30. Qb8+ Rf8 0-1


[Site "https://www.chess.com"]

[Event "Titled Tuesday Blitz July 6 2021"]
[White "Vakhlamov, Igor L."]
[Black "Shtyka, Sergey"]
[WhiteFideId "24126748"]
[BlackFideId "4138465"]
[WhiteElo "2416"]
[BlackElo "2064"]
[Result "1-0"]
[Round "07"]
[TimeControl "180+1"]
[Date "2021.07.06"]
[WhiteClock "0:00:27"]
[BlackClock "0:00:17"]

1. e4 c5 2. Nf3 Nc6 3. Nc3 e5 4. Bc4 Be7 5. d3 Nf6 6. Ng5 O-O 7. f4 exf4 8. Bxf4 d5 9. exd5 Nxd5 10. Nxf7 Bh4+ 11. g3 Qe7+ 12. Qe2 Qxe2+ 13. Nxe2 Nxf4 14. Nxf4 Bf6 15. Ng5+ Kh8 16. Nf7+ Kg8 17. Ne5+ Kh8 18. Nfg6+ hxg6 19. Nxg6+ Kh7 20. Nxf8+ Kh6 21. O-O-O Bg4 22. Ne6 Bxd1 23. Rxd1 Re8 24. Nxc5 b6 25. Ne4 Be5 26. Bb5 Rc8 27. Bxc6 Rxc6 28. Rf1 b5 29. c3 a5 30. Kc2 b4 31. Rf5 Bc7 32. Rc5 1-0


[Site "https://www.chess.com"]

[Event "Titled Tuesday Blitz July 6 2021"]
[White "Vidit, Santosh Gujrathi"]
[Black "Moroni, Luca Jr"]
[WhiteFideId "5029465"]
[BlackFideId "865834"]
[WhiteElo "2735"]
[BlackElo "2491"]
[Result "1/2-1/2"]
[Round "07"]
[TimeControl "180+1"]
[Date "2021.07.06"]
[WhiteClock "0:00:05"]
[BlackClock "0:00:05"]

1. d4 g6 2. Nf3 Bg7 3. g3 d6 4. Bg2 Bd7 5. O-O Qc8 6. e4 Nc6 7. c3 Bh3 8. Bxh3 Qxh3 9. Ng5 Qd7 10. f4 h6 11. Nf3 d5 12. e5 h5 13. b4 Nh6 14. a4 Nf5 15. Qe2 Nd8 16. Kg2 Ne6 17. Bd2 Bh6 18. Na3 Kf8 19. Nc2 Kg7 20. Nce1 b6 21. Nd3 c5 22. bxc5 bxc5 23. dxc5 Rhc8 24. Be3 Rab8 25. Bf2 Rb3 26. Qc2 Rcb8 27. Nb4 R3xb4 28. cxb4 Rxb4 29. Rfc1 d4 30. Qe4 Rb2 31. c6 Qc7 32. Rc2 Rxc2 33. Qxc2 h4 34. Rc1 hxg3 35. hxg3 Bxf4 36. gxf4 Nxf4+ 37. Kf1 Ne3+ 38. Bxe3 dxe3 39. Qe4 e2+ 40. Kf2 Qb6+ 41. Kg3 Nh5+ 42. Kg2 Qb2 43. Re1 Qc3 44. Rxe2 Qc1 45. Rd2 g5 46. Qe3 Nf4+ 47. Kf2 Qh1 48. Ne1 Qh2+ 49. Kf3 Qh3+ 50. Ke4 Qh1+ 51. Nf3 Ne6 52. Kd3 g4 53. Nd4 Qb1+ 54. Ke2 Nc5 55. e6 f6 56. Kf2 Qh1 57. Ke2 Ne4 58. Kd3 Qf3 59. Nxf3 Nc5+ 60. Kc4 Nxa4 61. Qg5+ fxg5 62. Nxg5 Nb6+ 63. Kb5 Kf6 64. c7 Kxg5 65. Rd8 g3 66. Rg8+ Kf4 67. Kc6 Kf3 68. Rf8+ Ke2 69. Rg8 Kf2 70. Rg7 g2 71. Rf7+ Ke2 72. Rg7 Kf2 73. Rf7+ Ke2 74. Rg7 Kf2 1/2-1/2


[Site "https://www.chess.com"]

[Event "Titled Tuesday Blitz July 6 2021"]
[White "Villegas, Pierre"]
[Black "Tristan, Leonardo"]
[WhiteFideId "654183"]
[BlackFideId "113816"]
[WhiteElo "2411"]
[BlackElo "2404"]
[Result "0-1"]
[Round "07"]
[TimeControl "180+1"]
[Date "2021.07.06"]
[WhiteClock "0:01:05"]
[BlackClock "0:01:34"]

1. d4 d5 2. c4 e6 3. Nc3 a6 4. cxd5 exd5 5. Bf4 Nf6 6. e3 c5 7. dxc5 Bxc5 8. Nf3 Nc6 9. Be2 O-O 10. O-O Be6 11. Rc1 Qe7 12. Na4 Bd6 13. Bxd6 Qxd6 14. Nd4 Ne4 15. Bf3 Ne5 16. Nxe6 Qxe6 17. Nc3 Nxf3+ 18. gxf3 Nxc3 19. Rxc3 Rad8 20. Qd4 Rd6 21. Kh1 Qh3 22. Qg4 Qxf1+ 0-1


[Site "https://www.chess.com"]

[Event "Titled Tuesday Blitz July 6 2021"]
[White "Vlachos, Anatole"]
[Black "harlem4brew"]
[WhiteFideId "26093189"]
[WhiteElo "2350"]
[BlackElo "2407"]
[Result "1-0"]
[Round "07"]
[TimeControl "180+1"]
[Date "2021.07.06"]
[WhiteClock "0:00:14"]
[BlackClock "0:01:06"]

1. Nf3 d5 2. g3 Nf6 3. Bg2 c5 4. O-O Nc6 5. d3 g6 6. Nbd2 Bg7 7. e4 O-O 8. Re1 Bg4 9. h3 Bxf3 10. Qxf3 dxe4 11. dxe4 Nd4 12. Qd3 e5 13. c3 Ne6 14. Qxd8 Rfxd8 15. Nc4 Ne8 16. a4 Nd6 17. Ne3 a6 18. a5 Rac8 19. Nd5 Kf8 20. h4 h6 21. h5 g5 22. Bh3 Re8 23. f3 Kg8 24. b3 Nb5 25. Be3 Rc6 26. Red1 Kf8 27. Rac1 f6 28. Nb6 Kf7 29. Rd7+ Re7 30. Rd3 Bf8 31. Rcd1 Ke8 32. Nd7 Rxd7 33. Rxd7 Nxc3 34. R1d3 Ne2+ 35. Kf2 N2d4 36. Rxb7 c4 37. bxc4 Rxc4 38. Rd2 Be7 39. Rb6 Kf7 40. Rxa6 Bb4 41. Rb2 Nc5 42. Ra7+ Kf8 43. Bf1 Rc2+ 44. Rxc2 Nxc2 45. a6 Nxe3 46. Kxe3 Ne6 47. Ra8+ Kg7 48. a7 Bc5+ 49. Kd3 Nf8 50. Rxf8 Bxa7 51. Rd8 Bb6 52. Rd7+ Kg8 53. Kc4 Bd4 54. g4 Be3 55. Kd5 Bb6 56. Ke6 Bd8 57. Rxd8+ Kh7 58. Rd7+ Kg8 59. Kxf6 Kh8 60. Kg6 Kg8 61. Rd8# 1-0


[Site "https://www.chess.com"]

[Event "Titled Tuesday Blitz July 6 2021"]
[White "Vlassov, Nikolai"]
[Black "Jodorcovsky Werjivker, Paulo"]
[WhiteFideId "4103360"]
[BlackFideId "3700305"]
[WhiteElo "2407"]
[BlackElo "2142"]
[Result "1-0"]
[Round "07"]
[TimeControl "180+1"]
[Date "2021.07.06"]
[WhiteClock "0:00:10"]
[BlackClock "0:00:21"]

1. e4 c5 2. c3 d5 3. exd5 Qxd5 4. d4 Nc6 5. Nf3 Bg4 6. Be2 cxd4 7. cxd4 e6 8. a3 Nf6 9. Nc3 Qa5 10. O-O Be7 11. h3 Bh5 12. Be3 O-O 13. b4 Qd8 14. Qd2 a6 15. Rad1 Rc8 16. d5 exd5 17. Nxd5 Nxd5 18. Qxd5 Qxd5 19. Rxd5 Bg6 20. Rfd1 Rfd8 21. Bb6 Rxd5 22. Rxd5 Nb8 23. Ne5 Be4 24. Rd4 Bc6 25. Nxc6 Rxc6 26. Bd8 Rd6 27. Re4 Rxd8 28. Rxe7 b5 29. Bf3 Kf8 30. Ra7 g6 31. h4 f5 32. Rxh7 Kg8 33. Rb7 Nd7 34. Ra7 Ne5 35. Rxa6 Nxf3+ 36. gxf3 Kf7 37. Kg2 Rd3 38. Kg3 Rb3 39. Kf4 Rb2 40. Ra5 Rb3 41. Rxb5 Rxa3 42. Rb7+ Kf6 43. Rb6+ Kf7 44. b5 Rb3 45. Kg5 Rxf3 46. Rb7+ Kf8 47. Kxg6 Rxf2 48. h5 f4 49. h6 f3 50. h7 Rh2 51. Rb8+ Ke7 52. h8=Q Rg2+ 53. Kf5 f2 54. Qe5+ Kd7 55. Rb7+ Kd8 56. Qh8+ 1-0


[Site "https://www.chess.com"]

[Event "Titled Tuesday Blitz July 6 2021"]
[White "Wagh Suyog"]
[Black "Cunjalo, Faris"]
[WhiteFideId "25071688"]
[BlackFideId "14410710"]
[WhiteElo "2219"]
[BlackElo "2234"]
[Result "0-1"]
[Round "07"]
[TimeControl "180+1"]
[Date "2021.07.06"]
[WhiteClock "0:00:07"]
[BlackClock "0:00:07"]

1. e4 c6 2. Nf3 d5 3. d3 Qc7 4. g3 e5 5. Bg2 Nf6 6. O-O Bd6 7. Re1 O-O 8. Nbd2 Re8 9. b3 a5 10. a3 Nbd7 11. Bb2 Nf8 12. d4 exd4 13. Nxd4 Bg4 14. Bf3 Bxf3 15. Qxf3 Ng6 16. exd5 Nxd5 17. Nf5 Be5 18. Bxe5 Nxe5 19. Qe4 g6 20. Ne3 Nc3 21. Qg2 Rad8 22. Nf3 Kg7 23. Nxe5 Qxe5 24. h4 h5 25. Kh2 Qe4 26. Qxe4 Rxe4 27. Nf1 b5 28. Rxe4 Nxe4 29. Kg2 Nc3 30. Re1 a4 31. b4 Rd1 32. Rxd1 Nxd1 33. Nd2 Kf6 34. Kf3 Ke5 35. Ke2 Nb2 36. Ke3 Kd5 37. Ke2 Kd4 38. Nb1 Nc4 39. c3+ Kd5 40. Kd3 f6 41. f3 g5 42. Ke2 gxh4 43. gxh4 Ke5 44. Kd3 Kf4 45. Kd4 Kxf3 46. Kc5 Ne5 47. c4 bxc4 48. Nc3 Ke3 49. Nxa4 f5 50. Nc3 f4 51. a4 f3 52. b5 cxb5 53. axb5 Kd3 54. Nd1 c3 55. b6 c2 56. Nb2+ Ke2 57. b7 c1=Q+ 58. Kd6 Qxb2 59. Ke6 Qxb7 60. Kf5 Ng4 61. Kg5 Qe7+ 62. Kxh5 Qxh4+ 63. Kxh4 f2 64. Kg3 f1=Q 65. Kh4 Ne3 66. Kg3 Qf3+ 67. Kh4 Qg4# 0-1


[Site "https://www.chess.com"]

[Event "Titled Tuesday Blitz July 6 2021"]
[White "Weetik, Vjacheslav"]
[Black "Zong, Davis"]
[WhiteFideId "4153472"]
[BlackFideId "30903955"]
[WhiteElo "2469"]
[BlackElo "2437"]
[Result "1-0"]
[Round "07"]
[TimeControl "180+1"]
[Date "2021.07.06"]
[WhiteClock "0:00:06"]
[BlackClock "0:00:09"]

1. e4 e5 2. Nf3 Nc6 3. Nc3 Nf6 4. Bb5 Bc5 5. Nxe5 Nxe5 6. d4 Bd6 7. f4 Neg4 8. e5 Bb4 9. O-O c6 10. Bd3 O-O 11. exf6 Nxf6 12. f5 d5 13. Bg5 Qd6 14. Qf3 Re8 15. Rae1 Bd7 16. Bf4 Qf8 17. Be5 Kh8 18. Kh1 a5 19. Re3 Bxc3 20. bxc3 Ne4 21. f6 gxf6 22. Rxe4 fxe5 23. Rxe5 Rxe5 24. dxe5 Be6 25. Qh5 Qg7 26. Rf6 Rg8 27. g3 Bg4 28. Qh4 h5 29. h3 Bd1 30. Qf4 Rf8 31. Kh2 c5 32. Rh6+ Kg8 33. Bh7+ Kh8 34. Bf5+ Kg8 35. e6 fxe6 36. Bxe6+ Rf7 37. Bxf7+ Qxf7 38. Rh8+ Kxh8 39. Qxf7 d4 40. Qf8+ Kh7 41. cxd4 cxd4 42. Qf5+ Kg7 43. Qe5+ Kf7 44. Qxd4 Kg6 45. Qxd1 Kf7 46. Qd5+ Kg7 47. Qxa5 Kg6 48. Qb6+ Kg7 49. Qxb7+ Kg6 50. Qf3 1-0


[Site "https://www.chess.com"]

[Event "Titled Tuesday Blitz July 6 2021"]
[White "Yandarbiev, Ruslan"]
[Black "Hryshchenko, Kamila"]
[WhiteFideId "4115023"]
[BlackFideId "14147491"]
[WhiteElo "2114"]
[BlackElo "1966"]
[Result "1-0"]
[Round "07"]
[TimeControl "180+1"]
[Date "2021.07.06"]
[WhiteClock "0:00:46"]
[BlackClock "0:00:03"]

1. e4 g6 2. d4 Bg7 3. Nc3 d6 4. Nf3 Nf6 5. Bc4 O-O 6. Qe2 Nc6 7. e5 Ne8 8. Bf4 a6 9. O-O-O b5 10. Bd5 Bb7 11. Qe4 e6 12. Bxc6 d5 13. Bxd5 exd5 14. Qe3 c6 15. Bh6 Nc7 16. h4 Ne6 17. h5 Bxh6 18. Qxh6 g5 19. Ne2 g4 20. Nh4 Qg5+ 21. Qxg5+ Nxg5 22. Nf5 f6 23. Nh6+ Kg7 24. Nxg4 fxe5 25. dxe5 Ne4 26. f3 Nc5 27. Nd4 Rae8 28. Rde1 Bc8 29. h6+ Kh8 30. Nf6 Re7 31. Nxc6 Rc7 32. Nb4 a5 33. Nbxd5 Nd3+ 34. Kb1 Nxe1 35. Nxc7 Nxg2 36. Rg1 Nf4 37. Rg7 Bf5 38. Nxb5 Rc8 39. Nd4 Bg6 40. e6 Nxe6 41. Nxe6 Bxc2+ 42. Ka1 Bf5 43. b3 Rc1+ 44. Kb2 Rc2+ 45. Ka3 Rc8 46. Ng5 Ra8 47. Ngxh7 Bxh7 48. Rxh7# 1-0


[Site "https://www.chess.com"]

[Event "Titled Tuesday Blitz July 6 2021"]
[White "Zemach, Roee"]
[Black "Vaidya, Atulya"]
[WhiteFideId "2818531"]
[BlackFideId "2047713"]
[WhiteElo "2131"]
[BlackElo "2383"]
[Result "1-0"]
[Round "07"]
[TimeControl "180+1"]
[Date "2021.07.06"]
[WhiteClock "0:00:09"]
[BlackClock "0:00:07"]

1. d4 Nf6 2. c4 e6 3. g3 d5 4. Nf3 c5 5. Bg2 Be7 6. O-O O-O 7. cxd5 exd5 8. Nc3 Nc6 9. Bf4 a6 10. Rc1 Be6 11. dxc5 Bxc5 12. Ne5 Bd6 13. Nxc6 bxc6 14. Bxd6 Qxd6 15. Qa4 Rfd8 16. Rfd1 Qb8 17. b3 Qb6 18. Qa3 Ng4 19. e3 d4 20. Na4 Qa7 21. h3 dxe3 22. hxg4 exf2+ 23. Kh2 Qe3 24. Qc5 Qe2 25. Bf1 Qxg4 26. Rxd8+ Rxd8 27. Qxf2 Qg5 28. Re1 Rd2 29. Re2 Qh5+ 30. Kg1 Rd1 31. Nc3 Rc1 32. Ne4 h6 33. Nd2 Bd5 34. Ne4 Qe5 35. Qf4 Qd4+ 36. Qe3 Qxe3+ 37. Rxe3 f5 38. Nd2 g5 39. Kf2 f4 40. gxf4 gxf4 41. Rd3 Rc2 42. Be2 Rxa2 43. Rd4 Rb2 44. Nc4 Bxc4 45. bxc4 a5 46. Rxf4 a4 47. Rf6 a3 48. Rxc6 a2 49. Ra6 Kg7 50. c5 Rc2 51. c6 Kf6 52. Ke3 Kg5 53. Bf3 h5 54. Ra5+ Kh4 55. Kd3 Rc1 56. Kd2 Rc4 57. Kd3 Rc1 58. Be4 Kg3 59. Rxa2 h4 60. Rc2 h3 61. Rxc1 1-0


[Site "https://www.chess.com"]

[Event "Titled Tuesday Blitz July 6 2021"]
[White "Zhigalko, Sergei"]
[Black "Sardana, Rishi"]
[WhiteFideId "13502956"]
[BlackFideId "25004301"]
[WhiteElo "2662"]
[BlackElo "2340"]
[Result "1/2-1/2"]
[Round "07"]
[TimeControl "180+1"]
[Date "2021.07.06"]
[WhiteClock "0:00:05"]
[BlackClock "0:00:10"]

1. e4 c5 2. Nf3 d6 3. d4 cxd4 4. Qxd4 a6 5. Bc4 Nc6 6. Qd3 Nf6 7. Nc3 g6 8. Bg5 Bg7 9. Bb3 O-O 10. O-O-O Be6 11. Kb1 b5 12. Bxe6 fxe6 13. e5 Nxe5 14. Nxe5 dxe5 15. Qe2 Qc7 16. f3 Rac8 17. Rhe1 b4 18. Ne4 Nd5 19. Rd2 a5 20. Qa6 Qc6 21. Qxc6 Rxc6 22. Nf2 a4 23. Nd3 a3 24. Nxe5 Rc7 25. Bh4 Rf5 26. Bg3 g5 27. Ng4 Rc6 28. Be5 h5 29. Bxg7 Kxg7 30. Ne5 Rc7 31. Nd3 h4 32. Rxe6 h3 33. gxh3 Rxf3 34. Re1 axb2 35. Kxb2 Nc3 36. Nxb4 Na4+ 37. Ka1 Rxh3 38. Nd5 Rd7 39. Rxe7+ Rxe7 40. Nxe7 Kf6 41. Nd5+ Ke5 42. a3 Rxa3+ 43. Kb1 Rf3 44. Ka2 Nc5 45. Nb4 Ne4 46. Nd3+ Kf5 47. Rg2 Nc3+ 48. Kb3 Ne4 49. Kc4 g4 50. Kd4 Rf1 51. Re2 Ng5 52. Re5+ Kf6 53. Ra5 Nf3+ 54. Ke3 Nxh2 55. Nf4 Rf3+ 56. Ke4 Nf1 57. Nh5+ Kg6 58. Nf4+ Kf6 59. Nh5+ Kg6 60. Nf4+ Kf6 1/2-1/2


[Site "https://www.chess.com"]

[Event "Titled Tuesday Blitz July 6 2021"]
[White "deribas12345"]
[Black "TanitoluwaAps116"]
[WhiteElo "2530"]
[BlackElo "2376"]
[Result "1-0"]
[Round "07"]
[TimeControl "180+1"]
[Date "2021.07.06"]
[WhiteClock "0:01:10"]
[BlackClock "0:00:30"]

1. d4 Nf6 2. c4 c5 3. d5 b5 4. e4 d6 5. Qc2 bxc4 6. Bxc4 g6 7. Nf3 Bg7 8. e5 dxe5 9. Nxe5 O-O 10. Nc3 Nbd7 11. Nc6 Qc7 12. Nxe7+ Kh8 13. Nxc8 Re8+ 14. Be3 Ng4 15. d6 Nxe3 16. fxe3 Qxc8 17. O-O f5 18. e4 Ne5 19. Bd5 Rb8 20. exf5 Ng4 21. Be6 Qc6 22. d7 Red8 23. Qe4 Bd4+ 24. Kh1 Qd6 25. Qxg4 Rxb2 26. Ne4 Qe5 27. Ng5 1-0


[Site "https://www.chess.com"]

[Event "Titled Tuesday Blitz July 6 2021"]
[White "Abdurakhmonov, Mukhammadali"]
[Black "Obregon, Andres Carlos"]
[WhiteFideId "14207346"]
[BlackFideId "111724"]
[WhiteElo "2266"]
[BlackElo "2572"]
[Result "1-0"]
[Round "08"]
[TimeControl "180+1"]
[Date "2021.07.06"]
[WhiteClock "0:00:06"]
[BlackClock "0:00:15"]

1. e4 c6 2. Nc3 d5 3. Nf3 Bg4 4. h3 Bh5 5. exd5 cxd5 6. Bb5+ Nc6 7. g4 Bg6 8. Ne5 Rc8 9. h4 f6 10. Nxg6 hxg6 11. d4 e6 12. Bxc6+ Rxc6 13. Ne2 Bd6 14. c3 Ne7 15. Qd3 Kf7 16. Bf4 Qc7 17. Bxd6 Qxd6 18. O-O-O b5 19. h5 gxh5 20. gxh5 b4 21. Kb1 bxc3 22. Nxc3 Qf4 23. Ka1 Rc4 24. Rhe1 Nf5 25. Qe2 Qd6 26. Qg4 Rh6 27. Ne2 Qb6 28. Rd3 Rc2 29. Rb3 Qc6 30. a3 a5 31. Rb8 Qc7 32. Rb3 a4 33. Rb4 Qc6 34. Qf3 Nd6 35. Nf4 Ne4 36. Qg4 Rxf2 37. Nxe6 1-0


[Site "https://www.chess.com"]

[Event "Titled Tuesday Blitz July 6 2021"]
[White "Abdusattorov, Nodirbek"]
[Black "Khusnutdinov, Rustam"]
[WhiteFideId "14204118"]
[BlackFideId "13701703"]
[WhiteElo "2662"]
[BlackElo "2571"]
[Result "0-1"]
[Round "08"]
[TimeControl "180+1"]
[Date "2021.07.06"]
[WhiteClock "0:00:29"]
[BlackClock "0:01:19"]

1. d4 d5 2. c4 e6 3. Nc3 a6 4. cxd5 exd5 5. Qb3 Nf6 6. Bg5 c5 7. Bxf6 gxf6 8. Qxd5 Qb6 9. O-O-O Be6 10. Qf3 cxd4 11. Ne4 Nd7 12. Kb1 Qa5 13. a3 Qd5 14. Nxf6+ Nxf6 15. Qxd5 Nxd5 16. Nf3 d3 17. e3 Bg7 18. Bxd3 Ke7 19. Ng5 Rad8 20. Be4 h6 21. Nxe6 fxe6 22. h4 Rd6 23. Rd3 Rb6 0-1


[Site "https://www.chess.com"]

[Event "Titled Tuesday Blitz July 6 2021"]
[White "Ahmad, Al Khatib"]
[Black "Deviprasath, Sharvesh"]
[WhiteFideId "8103178"]
[BlackFideId "30938228"]
[WhiteElo "2151"]
[BlackElo "2102"]
[Result "0-1"]
[Round "08"]
[TimeControl "180+1"]
[Date "2021.07.06"]
[WhiteClock "0:00:09"]
[BlackClock "0:01:36"]

1. e4 e5 2. Nf3 Nc6 3. Nc3 Nf6 4. d4 Nxd4 5. Nxd4 exd4 6. Qxd4 d6 7. Bg5 Be7 8. O-O-O O-O 9. Kb1 Be6 10. e5 dxe5 11. Qxe5 Qe8 12. Bd3 c6 13. Ne4 Nxe4 14. Qxe4 g6 15. Bh6 Bf6 16. Bxf8 Qxf8 17. c3 b5 18. Rhe1 a5 19. Qxc6 b4 20. Rxe6 fxe6 21. Qxe6+ Kh8 22. Bc4 bxc3 23. Rd7 Bg7 24. Rf7 Qb4 25. b3 Qa3 26. Qe2 Rd8 0-1


[Site "https://www.chess.com"]

[Event "Titled Tuesday Blitz July 6 2021"]
[White "Alavi, Sayed Javad"]
[Black "Golubev, Mikhail"]
[WhiteFideId "12500607"]
[BlackFideId "14100983"]
[WhiteElo "2495"]
[BlackElo "2374"]
[Result "1-0"]
[Round "08"]
[TimeControl "180+1"]
[Date "2021.07.06"]
[WhiteClock "0:00:33"]
[BlackClock "0:00:04"]

1. d4 d6 2. e4 Nf6 3. f3 g6 4. c4 Bg7 5. Nc3 O-O 6. Be3 a6 7. Qd2 Nbd7 8. h4 c5 9. d5 h5 10. a4 Ne5 11. Nh3 Bxh3 12. Rxh3 e6 13. Be2 exd5 14. exd5 Re8 15. Kf2 Qd7 16. Rhh1 Qf5 17. Kg3 Nxc4 18. Bxc4 Ng4 19. Bf4 Bd4 20. Ne4 Rxe4 21. fxe4 Qxe4 22. Rhf1 Ne3 23. Bxe3 Bxe3 24. Qe2 Re8 25. Qf3 Qe5+ 26. Kh3 f5 27. Rae1 Qd4 28. g3 Re4 29. b3 Kg7 30. Re2 Qe5 31. Rfe1 f4 32. Bd3 Qf5+ 33. Kg2 1-0


[Site "https://www.chess.com"]

[Event "Titled Tuesday Blitz July 6 2021"]
[White "Alavkin, Arseny"]
[Black "Shahade, Gregory"]
[WhiteFideId "4120612"]
[BlackFideId "2009064"]
[WhiteElo "2401"]
[BlackElo "2729"]
[Result "1-0"]
[Round "08"]
[TimeControl "180+1"]
[Date "2021.07.06"]
[WhiteClock "0:00:36"]
[BlackClock "0:00:20"]

1. e4 e5 2. Bc4 Nf6 3. d3 Nc6 4. Nc3 Bc5 5. f4 d6 6. Nf3 exf4 7. Bxf4 O-O 8. Qd2 Be6 9. Bb3 a5 10. Be3 Bxe3 11. Qxe3 d5 12. exd5 Nxd5 13. Nxd5 Bxd5 14. O-O a4 15. Bxd5 Qxd5 16. Rfe1 h6 17. d4 Rad8 18. c3 Rd6 19. Qd3 b5 20. Re4 Na5 21. Re5 Qc4 22. Qxc4 Nxc4 23. Rxb5 Re8 24. Re1 Rxe1+ 25. Nxe1 Re6 26. Kf2 Rf6+ 27. Nf3 g5 28. h3 a3 29. bxa3 Nxa3 30. Rc5 Rb6 31. Rxc7 Rb2+ 32. Kg3 f5 33. d5 g4 34. hxg4 fxg4 35. Ne5 Rd2 36. Nxg4 Rd3+ 37. Kf4 Kf8 38. Ke5 h5 39. Nf6 Nb5 40. Rc8+ Kf7 41. Ne4 h4 42. c4 Na7 43. Rc7+ Kg8 44. Rxa7 h3 45. gxh3 Rxh3 46. c5 Rh5+ 47. Kd4 Rh1 48. c6 Rc1 49. c7 Kh8 50. Ra8+ 1-0


[Site "https://www.chess.com"]

[Event "Titled Tuesday Blitz July 6 2021"]
[White "Altman, Joshua"]
[Black "Ozates, Tuna"]
[WhiteFideId "426210"]
[BlackFideId "6354521"]
[WhiteElo "1945"]
[BlackElo "1872"]
[Result "0-1"]
[Round "08"]
[TimeControl "180+1"]
[Date "2021.07.06"]
[WhiteClock "0:00:46"]
[BlackClock "0:00:54"]

1. d4 Nf6 2. c4 g6 3. Nc3 Bg7 4. Nf3 O-O 5. Bg5 d6 6. e3 Nc6 7. Be2 e5 8. O-O exd4 9. Nxd4 h6 10. Bh4 Ne5 11. Qc2 a6 12. a4 Qe8 13. Rfd1 Bd7 14. b3 c5 15. Nf3 Bf5 16. e4 Bg4 17. Nxe5 Qxe5 18. Bxf6 Bxf6 19. Bxg4 Qxc3 20. Qxc3 Bxc3 21. Rac1 Bd4 22. Kf1 Rfb8 23. Bd7 Kf8 24. Ke2 Ke7 25. Bg4 b5 26. Rb1 h5 27. Bf3 Be5 28. g3 bxc4 29. bxc4 Rb4 30. Rxb4 cxb4 31. Rb1 a5 32. Kd3 h4 33. Be2 hxg3 34. hxg3 g5 35. Bf3 Rh8 36. Rh1 Rb8 37. Rb1 b3 38. Bd1 b2 39. Kc2 Rb4 40. Be2 Rxa4 41. f4 gxf4 42. gxf4 Bd4 43. Bd3 Ra1 44. f5 a4 45. Rxb2 Bxb2 46. Kxb2 Re1 47. Bc2 Re2 48. Kc3 a3 0-1


[Site "https://www.chess.com"]

[Event "Titled Tuesday Blitz July 6 2021"]
[White "Andreikin, Dmitry"]
[Black "Grischuk, Alexander"]
[WhiteFideId "4158814"]
[BlackFideId "4126025"]
[WhiteElo "2782"]
[BlackElo "2765"]
[Result "1/2-1/2"]
[Round "08"]
[TimeControl "180+1"]
[Date "2021.07.06"]
[WhiteClock "0:00:14"]
[BlackClock "0:00:05"]

1. e4 e5 2. Nf3 Nc6 3. Bb5 Nf6 4. O-O Nxe4 5. d4 Nd6 6. Bxc6 dxc6 7. dxe5 Nf5 8. Qxd8+ Kxd8 9. Rd1+ Ke8 10. Nc3 Ne7 11. Nd4 Ng6 12. h3 Be7 13. f4 Nh4 14. g4 h5 15. f5 hxg4 16. hxg4 g6 17. e6 gxf5 18. gxf5 Rh5 19. Bf4 Nxf5 20. exf7+ Kxf7 21. Nf3 Be6 22. Ne5+ Kg7 23. Kf2 Bc5+ 24. Ke2 Re8 25. Ne4 Bd4 26. Rg1+ Kf8 27. Nf6 Bc4+ 28. Kd2 Bxg1 29. Rxg1 Rxe5 30. Bxe5 Rh3 31. b3 Be6 32. Bxc7 Nd4 33. Rg3 Rxg3 34. Bxg3 Bf5 35. Bf2 Nxc2 36. Bxa7 Kf7 37. Nd7 Bxd7 38. Kxc2 Ke6 39. Kc3 Kd5 40. b4 b5 41. a3 Be6 42. Bc5 Bd7 43. Bd4 Be6 44. Bc5 Bd7 45. Bd4 Be6 46. Bc5 1/2-1/2


[Site "https://www.chess.com"]

[Event "Titled Tuesday Blitz July 6 2021"]
[White "Baskin, Robert"]
[Black "Garcia Blanco, Omar"]
[WhiteFideId "24662402"]
[BlackFideId "2287153"]
[WhiteElo "2462"]
[BlackElo "2273"]
[Result "1-0"]
[Round "08"]
[TimeControl "180+1"]
[Date "2021.07.06"]
[WhiteClock "0:00:27"]
[BlackClock "0:00:02"]

1. d4 Nf6 2. c4 g6 3. Nc3 Bg7 4. e4 d6 5. Be2 O-O 6. Bg5 c5 7. d5 b5 8. cxb5 a6 9. bxa6 Nxa6 10. Nf3 Qa5 11. O-O Bg4 12. Nd2 Bxe2 13. Qxe2 Nc7 14. Nc4 Qb4 15. a3 Qb3 16. a4 Rfb8 17. Ra3 Qb4 18. Bd2 Qb7 19. h3 Nd7 20. Rb1 Ne5 21. Ne3 Na6 22. Nb5 Nc7 23. Nxc7 Qxc7 24. b3 Qa7 25. Nc4 Nxc4 26. Qxc4 Qa6 27. Qxa6 Rxa6 28. b4 cxb4 29. Rxb4 Rxb4 30. Bxb4 Bd4 31. a5 f5 32. exf5 gxf5 33. Kf1 Kf7 34. Ke2 Kf6 35. f4 e6 36. Kd3 e5 37. Kc4 Bf2 38. Kb5 Ra8 39. Bxd6 e4 40. a6 e3 41. Bc5 Kf7 42. Bxe3 Rb8+ 43. Kc6 Be1 44. a7 Rc8+ 45. Kb7 Rd8 46. a8=Q Rd7+ 47. Kc6 Re7 48. Bc5 Re8 49. Ra7+ 1-0


[Site "https://www.chess.com"]